 Dungeon Crawl Stone Soup version 0.28-a0-500-g121bc3e445 (webtiles) character file.

Game seed: 7000142408135899619

460 Shayle the Skirmisher (level 7, -1/74 HPs)
             Began as an Ogre Warper on Sept 19, 2021.
             Was an Initiate of the Shining One.
             Killed by divine providence
             ... invoked by an orc priest
              (13 damage)
             ... on level 4 of the Dungeon.
             The game lasted 00:09:01 (4959 turns).

Shayle the Skirmisher (Ogre Warper)                 Turns: 4959, Time: 00:09:01

Health: -1/74      AC:  4    Str: 13 (16) XL:     7   Next: 7%
Magic:  13/13      EV:  9    Int: 15 (16) God:    the Shining One [......]
Gold:   120        SH:  0    Dex:  7 (8)  Spells: 9/14 levels left

rFire   . . .      SeeInvis .   f - +1 trident
rCold   . . .      Faith    .   (no shield)
rNeg    . . .      Spirit   .   b - +1 robe
rPois   .          Reflect  .   (helmet restricted)
rElec   .          Harm     .   (no cloak)
rCorr   .          Rampage  .   (gloves unavailable)
Will    +....                   (boots unavailable)
Stlth   +.........              (no amulet)
HPRegen 0.22/turn               s - ring of willpower
MPRegen 0.13/turn               (no ring)

@: mighty, glowing
A: large, unfitting armour, tough skin 1
a: Renounce Religion


You were on level 4 of the Dungeon.
You worshipped the Shining One.
The Shining One was noncommittal.
You visited 1 branch of the dungeon, and saw 4 of its levels.

You collected 120 gold pieces.

Inventory:

Hand Weapons
 a - a +0 spear
 f - a +1 trident (weapon)
Missiles
 d - 5 boomerangs of dispersal (quivered)
 l - 7 boomerangs
 n - 2 poisoned darts
Armour
 b - a +1 robe (worn)
Jewellery
 o - a ring of fire
 s - a ring of willpower (left hand)
Wands
 q - a wand of paralysis (8)
Scrolls
 c - a scroll of blinking
 e - 2 scrolls of teleportation
 i - a scroll of fog
 m - a scroll of summoning {unknown}
Potions
 j - a potion of invisibility {unknown}
 k - 2 potions of haste


   Skills:
 + Level 5.7 Fighting
 + Level 4.3 Polearms
 - Level 1.0 Throwing
 - Level 2.1 Dodging
 + Level 4.2 Spellcasting
 - Level 2.6 Translocations
 + Level 2.9 Invocations


You had 9 spell levels left.
You knew the following spells:

 Your Spells              Type           Power      Damage    Failure   Level
a - Blink                 Tloc           N/A        N/A       9%          2
b - Teleport Other        Tloc           11%        N/A       17%         3

Your spell library contained the following spells:

 Spells                   Type           Power      Damage    Failure   Level
 Gell's Gravitas          Tloc           5%         N/A       17%         3
 Lesser Beckoning         Tloc           11%        N/A       17%         3
 Freeze                   Ice            12%        1d4       19%         1
 Frozen Ramparts          Ice            6%         1d2       47%         3
 Manifold Assault         Tloc           11%        N/A       85%         5


Dungeon Overview and Level Annotations

Branches:
Dungeon (4/15)
 Temple: D:4-7

Altars:
Cheibriados
Trog
The Shining One

Shops:
D:3 (


Innate Abilities, Weirdness & Mutations

You are too large for most types of armour.
You have tough skin. (AC +1)


Message History

You feel better. The orc barely misses you.
The orc hits you but does no damage.
You feel very mighty all of a sudden. The orc hits you but does no damage.
The orc barely misses you.
You completely miss the orc. The orc hits you with a +0 short sword.
The orc barely misses you.
You impale the orc!!
You kill the orc!
The orc hits you from afar with a +0 trident!
You barely miss the orc wizard. The orc barely misses you.
The orc wizard hits you but does no damage.
You puncture the orc wizard!
The orc wizard is heavily wounded.
The orc misses you. The orc wizard barely misses you.
You barely miss the orc wizard.
The orc wizard is heavily wounded.
The orc barely misses you.
The orc wizard hits you with a +0 dagger.
The orc hits you from afar with a +0 trident.
You barely miss the orc wizard.
The orc wizard is heavily wounded.
The orc wizard gestures at you while chanting.
The magic dart hits you!
The orc hits you from afar with a +0 trident.
* * * LOW HITPOINT WARNING * * *
You puncture the orc wizard!
You kill the orc wizard!
The orc hits you from afar with a +0 trident!
* * * LOW HITPOINT WARNING * * *
Your life force feels restored.
Items here: ))) [[[ †.
The orc priest hits you with a +0 dagger.
* * * LOW HITPOINT WARNING * * *
The orc closely misses you.
It was a potion of degeneration.
There was something very wrong with that liquid.
You feel weakened.
You feel dopey.
You feel clumsy.
The orc priest mumbles some strange prayers to Beogh against you.
Beogh smites you!
You die...

..#
#<###.##.#.#.#
..#
#........#.#.#
..#
#####.####.#.#
..# # #.#.# .##
..#.# .# ###.#
.. #.# ###
####)# #.o@o#
#.#### #.# ##
#.# .# #.# .#
#o# .####.###
#o#
..........o....#
.####.####o#####


You could see an orc priest and an orc.

Vanquished Creatures
  A scorpion (D:4)
  A howler monkey (D:4)
  2 centaur zombies
  A hound (D:4)
  4 orc wizards (D:4)
  A hound skeleton (D:4)
  5 adders
  An adder skeleton (D:4)
  4 dart slugs
  15 orcs
  5 bats
  7 endoplasms
  A giant cockroach (D:2)
  6 goblins
  7 hobgoblins
  8 jackals
  3 kobolds
  3 quokkas
  4 ball pythons
  A frilled lizard (D:2)
  5 rats
85 creatures vanquished.

Vanquished Creatures (others)
  3 plants (D:2)
3 creatures vanquished.

Grand Total: 88 creatures vanquished

Notes
Turn   | Place    | Note
-------+----------+-------------------------------------------
     0 | D:1      | Shayle the Ogre Warper began the quest for the Orb.
     0 | D:1      | Reached XP level 1. HP: 22/22 MP: 3/3
   133 | D:1      | Reached skill level 3 in Fighting
   215 | D:1      | Reached XP level 2. HP: 25/31 MP: 5/5
  1109 | D:1      | Reached XP level 3. HP: 13/39 MP: 6/6
  1537 | D:2      | Got the Compendium of the Glacier
  1563 | D:2      | Learned a level 2 spell: Blink
  1567 | D:2      | Learned a level 3 spell: Teleport Other
  1590 | D:2      | Reached skill level 4 in Fighting
  1786 | D:2      | Found a faded altar of an unknown god.
  2118 | D:2      | Reached XP level 4. HP: 16/48 MP: 6/8
  2784 | D:3      | Found a bloodstained altar of Trog.
  2871 | D:3      | Found a glowing golden altar of the Shining One.
  2875 | D:3      | Became a worshipper of the Shining One
  3209 | D:3      | Reached skill level 1 in Invocations
  3305 | D:3      | Found Komuen's Weapon Boutique.
  3310 | D:3      | Reached XP level 5. HP: 53/55 MP: 9/9
  4081 | D:4      | Reached skill level 5 in Fighting
  4371 | D:4      | Reached XP level 6. HP: 60/66 MP: 11/11
  4386 | D:4      | Found a snail-covered altar of Cheibriados.
  4948 | D:4      | Reached XP level 7. HP: 34/73 MP: 13/13
  4959 | D:4      | Killed from afar by an orc priest

Illustrated notes

Levels and vault maps discovered:
D:1:      amcnicky_arrival_single_pillar, layout_basic
D:2:      layout_basic, hellmonk_ecumenical_altar_crossroads,
          minmay_strange_pillars, guppyfry_early_lair_pool
D:3:      layout_basic, mainiacjoe_overflow_24_doors,
          mainiacjoe_overflow_concentric_impassable, serial_shops,
          nicolae_shop_crystal, minmay_misc_feat_rows, minmay_starry_boxes
D:4:      layout_loops_cross, lemuel_round_altar, chequers_serial_rivers_room_b

Skill      XL: |  1  2  3  4  5  6 |
---------------+-------------------+-----
Fighting       | 3 4 5 |  5.7
Polearms       | 3 4 |  4.3
Spellcasting   | 3 4 |  4.2
Invocations    | 1 2 |  2.9
Throwing       | |  1.0
Dodging        | |  2.1
Translocations | |  2.6

Action                   |  1- 3 |  4- 6 |  7- 9 || total
-------------------------+-------+-------+-------++-------
Melee: Spear             |    23 |       |       ||    23
       Trident           |    91 |   208 |     7 ||   306
  Use: Scroll            |     3 |    10 |       ||    13
       Potion            |       |     1 |     3 ||     4
 Stab: Sleeping          |       |     1 |       ||     1
Armor: Robe              |    49 |    65 |     3 ||   117
Dodge: Dodged            |    75 |   109 |     8 ||   192

Table legend: (Time is in decaauts)
 A = Elapsed time spent in this place.
 B = Non-inter-level travel time spent in this place.
 C = Inter-level travel time spent in this place.
 D = Time resting spent in this place.
 E = Time spent auto-exploring this place.
 F = Levels seen in this place.
 G = Mean time per level.
                   A        B        C        D        E       F      G
               +--------+--------+--------+--------+--------+-----+--------+
         Total |   5003 |   4900 |    103 |    700 |   3188 |   4 | 1250.8 |
       Dungeon |   5003 |   4900 |    103 |    700 |   3188 |   4 | 1250.8 |
               +--------+--------+--------+--------+--------+-----+--------+

Top non-repeatable levels by time:
     D:2: 1586 daAuts
     D:1: 1312 daAuts
     D:3: 1068 daAuts
     D:4: 1035 daAuts
